 Dungeon Crawl Stone Soup version 0.30-a0-469-g84de5afbc5 (webtiles) character file.

Game seed: 1490713433791501626

5831 Juicyj the Spear-Bearer (level 10, 0/90 HPs)
             Began as a Minotaur Fighter on Dec 19, 2022.
             Shot with an arrow by a centaur warrior (14 damage)
             ... on level 8 of the Dungeon.
             The game lasted 00:17:55 (8592 turns).

Juicyj the Spear-Bearer (Minotaur Fighter)          Turns: 8592, Time: 00:17:56

Health: 0/90       AC: 12    Str: 19    XL:     10   Next: 51%
Magic:  9/9        EV: 12    Int: 13    God:
Gold:   536        SH:  6    Dex: 18    Spells: 8/9 levels left

rFire   . . .      SeeInvis .    k - +2 spear (venom)
rCold   . . .      Faith    +    c - +0 buckler
rNeg    . . .      Spirit   .    b - +1 scale mail
rPois   .          Reflect  .    (helmet restricted)
rElec   .          Harm     .    l - +1 cloak {Will+}
rCorr   .          Rampage  .    (no gloves)
Will    +....                    (no boots)
Stlth   +.........               u - amulet of faith
HPRegen 0.35/turn                y - +6 ring of dexterity
MPRegen 0.11/turn                (no ring)

@: no status effects
A: horns 2, retaliatory headbutt, clever 2, subdued magic 1
a: no special abilities


You were on level 8 of the Dungeon.
You visited 1 branch of the dungeon, and saw 8 of its levels.
You also visited: Sewer.

You collected 536 gold pieces.

Inventory:

Hand Weapons
 a - a +1 trident of venom
 k - a +2 spear of venom (weapon)
Missiles
 i - a throwing net (quivered)
Armour
 b - a +1 scale mail (worn)
 c - a +0 buckler (worn)
 l - a +1 cloak of willpower (worn)
Jewellery
 u - an amulet of faith (around neck)
 y - a +6 ring of dexterity (left hand)
Wands
 n - a wand of charming (4)
 p - a wand of light (15)
 r - a wand of digging (2)
 A - a wand of iceblast (7)
Scrolls
 e - a scroll of blinking
 g - a scroll of torment
 h - 2 scrolls of fog
 j - 2 scrolls of amnesia
 m - 2 scrolls of immolation
 o - 3 scrolls of vulnerability
 q - a scroll of magic mapping
 t - a scroll of brand weapon
 w - 6 scrolls of teleportation
Potions
 d - 4 potions of might
 s - 2 potions of cancellation
 v - 2 potions of flight
 x - 3 potions of brilliance


   Skills:
 + Level 8.8 Fighting
 + Level 12.1 Polearms
 + Level 0.1 Throwing
 + Level 9.7 Armour
 + Level 4.3 Dodging
 + Level 3.0 Stealth
 + Level 6.5 Shields


You had 8 spell levels left.
You knew the following spells:

 Your Spells              Type           Power      Damage    Failure   Level
a - Necrotise             Necr           0%         1d4       65%         1

Your spell library contained the following spells:

 Spells                   Type           Power      Damage    Failure   Level
 Apportation              Tloc           0%         N/A       65%         1
 Freeze                   Ice            0%         1d3       65%         1
 Summon Small Mammal      Summ           0%         N/A       65%         1
 Static Discharge         Conj/Air       0%         2-2/arc   80%         2
 Sublimation of Blood     Necr           0%         N/A       80%         2
 Wereblood                Tmut           0%         N/A       80%         2
 Call Canine Familiar     Summ           0%         N/A       95%         3
 Frozen Ramparts          Ice            0%         1d1       95%         3
 Hailstorm                Conj/Ice       0%         3d3       95%         3
 Summon Guardian Golem    Hex/Summ       0%         N/A       95%         3
 Vampiric Draining        Necr           0%         2d6       95%         3
 Vhi's Electric Charge    Tloc/Air       0%         N/A       95%         3
 Agony                    Necr           0%         N/A       100%        5
 Arcjolt                  Conj/Air       0%         1d10      100%        5
 Lightning Bolt           Conj/Air       0%         1d11      100%        5
 Summon Hydra             Summ           0%         N/A       100%        7


Dungeon Overview and Level Annotations

Branches:
Dungeon (8/15)             Temple (0/1) D:6           Sewer (visited)
   Lair: D:8-11

Altars:
Fedhas
Nemelex Xobeh
Sif Muna
Vehumet


Innate Abilities, Weirdness & Mutations

You have a pair of horns on your head.
You reflexively headbutt those who attack you in melee.
Your mind is very acute. (Int +8, Str/Dex -2)
Your spells are a little easier to cast, but a little less powerful.


Message History

The arrow hits you!
You are too injured to fight recklessly!
You are too injured to fight recklessly!
You are too injured to fight recklessly!
You are too injured to fight recklessly!
You are too injured to fight recklessly!
You barely miss Maggie. Your headbutt misses Maggie.
Maggie is heavily wounded.
You hit Maggie but do no damage.
Maggie looks as sick as possible!
You headbutt Maggie, but do no damage.
Maggie is heavily wounded.
The centaur warrior shoots an arrow.
You block the arrow. Maggie hits you with a +0 war axe.
You hit Maggie but do no damage.
Maggie looks as sick as possible!
Maggie is severely wounded.
The centaur warrior shoots an arrow.
The arrow barely misses you.
You completely miss Maggie. You headbutt Maggie.
Maggie is severely wounded.
The centaur warrior shoots an arrow.
The arrow hits you!
* * * LOW HITPOINT WARNING * * *
Maggie hits you but does no damage.
You hit Maggie but do no damage.
Maggie looks as sick as possible!
Maggie is almost dead.
The centaur warrior shoots an arrow.
You block the arrow.
You hit Maggie.
Maggie looks as sick as possible!
Maggie is almost dead.
You break out of your daze!
You kill Maggie!
The centaur warrior shoots an arrow.
The arrow hits you!
* * * LOW HITPOINT WARNING * * *
You feel much better.
The shadow strikes at you from the darkness!
The centaur warrior shoots an arrow.
The arrow hits you!
* * * LOW HITPOINT WARNING * * *
You barely miss something.
The shadow strikes at you from the darkness!
* * * LOW HITPOINT WARNING * * *
Reactivating autopickup.
The centaur warrior shoots an arrow.
The arrow hits you!
You die...

. ##.# # .... ##..# ###.
#.....####.#.##...
#........z###.#.#
#..!..##z##.##..#
......#.##...##z##
....#.##..#..##z##
#..##..###..##.###.
##.##..##=##@.##....
##.##†.##..|##Wc##.##
##.##..##...##..##....
.##.##(.##..#.#..##..##.
.......##..##...##..##..
###.#.##..##:..##..##.##
# ##.##..##}##..##.##
#.#.# ##.##..###^.##.##
#.#.# ##.##?.#..## #.#.#
#


You could see a centaur warrior, a shadow and 4 wights.

Vanquished Creatures
  2 two-headed ogres (D:5)
  Pikel (D:8)
  An ugly thing (D:8)
  A cyclops (D:8)
  Maggie (D:8)
  A troll (D:5)
  Sigmund (D:4)
  A basilisk (shapeshifter) (D:8)
  A water moccasin (D:5)
  2 orc warriors
  A black bear (D:4)
  An ice beast (D:8)
  The ghost of Taurus the Trooper, an amateur MiFi (D:4)
  A sky beast (D:7)
  An ogre (D:6)
  2 centaurs (D:5)
  A lemure (D:8)
  2 phantoms
  3 bullfrogs
  A necrophage (D:5)
  2 scorpions (D:5)
  9 wights
  2 jellies
  A hound (D:5)
  Crazy Yiuf (D:3)
  A gnoll bouda (D:4)
  3 orc wizards
  Ijyb (D:4)
  Natasha (thrice) (D:4)
  2 iguanas
  4 gnolls (D:4)
  14 adders
  8 river rats (Sewer)
  8 worms
  7 dart slugs
  27 orcs
  7 bats
  10 endoplasms
  7 giant cockroaches
  13 goblins
  10 hobgoblins
  8 quokkas
  16 ball pythons
  6 frilled lizards
  24 kobolds
  19 rats
239 creatures vanquished.

Vanquished Creatures (others)
  2 fungi (D:2)
2 creatures vanquished.

Grand Total: 241 creatures vanquished

Notes
Turn   | Place    | Note
-------+----------+-------------------------------------------
     0 | D:1      | Juicyj the Minotaur Fighter began the quest for the Orb.
     0 | D:1      | Reached XP level 1. HP: 19/19 MP: 0/0
   177 | D:1      | Reached XP level 2. HP: 27/27 MP: 1/1
   546 | D:1      | Reached XP level 3. HP: 33/33 MP: 2/2
  1461 | D:2      | Reached XP level 4. HP: 40/41 MP: 3/3
  1489 | D:2      | Reached skill level 3 in Polearms
  1847 | D:3      | Identified the +0 short sword of Doom {flame, Fragile
                  | Str+10 Dex-4 SInv}
  1943 | D:3      | Reached XP level 5. HP: 47/47 MP: 4/4
  1976 | D:3      | Reached skill level 4 in Polearms
  2037 | D:3      | Gained mutation: You occasionally lose the ability to read
                  | scrolls when taking damage. [potion of mutation]
  2037 | D:3      | Gained mutation: You are agile. (Dex +4, Str/Int -1)
                  | [potion of mutation]
  2037 | D:3      | Gained mutation: Your system is resistant to poisons.
                  | (rPois) [potion of mutation]
  2679 | D:3      | Found a runed translucent door.
  2680 | D:3      | Noticed Crazy Yiuf
  2810 | D:3      | Killed Crazy Yiuf
  3002 | D:4      | Reached skill level 5 in Polearms
  3134 | D:4      | Noticed a phantom
  3135 | D:4      | Noticed an orc warrior
  3137 | D:4      | Noticed Taurus's ghost (amateur MiFi)
  3139 | D:4      | Found a transporter.
  3142 | D:4      | Found a transporter.
  3144 | D:4      | Noticed Ijyb
  3155 | D:4      | Killed Ijyb
  3156 | D:4      | Reached skill level 5 in Armour
  3192 | D:4      | Learned a level 1 spell: Necrotise
  3211 | D:4      | Noticed Natasha
  3215 | D:4      | Killed Natasha
  3216 | D:4      | Reached XP level 6. HP: 55/55 MP: 5/5
  3268 | D:4      | Reached skill level 5 in Fighting
  3268 | D:4      | Reached skill level 1 in Dodging
  3333 | D:4      | Noticed Natasha
  3343 | D:4      | Reached skill level 6 in Polearms
  3346 | D:4      | Killed Natasha
  3721 | D:4      | Found a shimmering blue altar of Sif Muna.
  3746 | D:4      | Reached XP level 7. HP: 61/61 MP: 6/6
  3791 | D:4      | Noticed Sigmund
  3795 | D:4      | Killed Sigmund
  3814 | D:4      | Noticed Natasha
  3818 | D:4      | Killed Natasha
  3819 | D:4      | Reached skill level 7 in Polearms
  3956 | D:4      | Killed Taurus's ghost
  4297 | D:5      | Entered Level 5 of the Dungeon
  4299 | D:5      | Reached skill level 8 in Polearms
  4306 | D:5      | Reached XP level 8. HP: 69/69 MP: 7/7
  4586 | D:5      | Reached skill level 5 in Shields
  4837 | D:5      | Found a glowing drain.
  4862 | Sewer    | Entered a sewer
  5149 | Sewer    | Reached skill level 9 in Polearms
  5470 | D:5      | Found a large runed translucent door.
  5470 | D:5      | Found a large runed translucent door.
  5472 | D:5      | Noticed a troll
  5472 | D:5      | Noticed a two-headed ogre
  5487 | D:5      | Found a large runed translucent door.
  5487 | D:5      | Found a large runed translucent door.
  5609 | D:5      | Noticed a two-headed ogre
  5615 | D:5      | Killed a two-headed ogre
  5616 | D:5      | Reached skill level 10 in Polearms
  5616 | D:5      | Reached XP level 9. HP: 38/79 MP: 8/8
  6141 | D:5      | Killed a troll
  6142 | D:5      | Reached skill level 1 in Stealth
  6145 | D:5      | Killed a two-headed ogre
  6146 | D:5      | Reached skill level 11 in Polearms
  6499 | D:6      | Found a staircase to the Ecumenical Temple.
  6599 | D:6      | Found a blossoming altar of Fedhas.
  6994 | D:6      | Lost mutation: Your system is resistant to poisons. (rPois)
                  | [potion of mutation]
  6994 | D:6      | Lost mutation: You are agile. (Dex +4, Str/Int -1) [potion
                  | of mutation]
  6994 | D:6      | Lost mutation: You occasionally lose the ability to read
                  | scrolls when taking damage. [potion of mutation]
  6994 | D:6      | Gained mutation: You have a pair of large horns on your
                  | head. [potion of mutation]
  6994 | D:6      | Gained mutation: Your mind is acute. (Int +4, Str/Dex -1)
                  | [potion of mutation]
  6994 | D:6      | Gained mutation: You passively map a small area around you.
                  | [potion of mutation]
  6995 | D:6      | Lost mutation: You passively map a small area around you.
                  | [potion of mutation]
  6995 | D:6      | Lost mutation: Your mind is acute. (Int +4, Str/Dex -1)
                  | [potion of mutation]
  6995 | D:6      | Lost mutation: You have a pair of large horns on your head.
                  | [potion of mutation]
  6995 | D:6      | Gained mutation: You are clumsy. (Dex -2) [potion of
                  | mutation]
  6995 | D:6      | Gained mutation: You have hidden genetic potential. [potion
                  | of mutation]
  6996 | D:6      | Lost mutation: You have hidden genetic potential. [potion
                  | of mutation]
  6996 | D:6      | Lost mutation: You are clumsy. (Dex -2) [potion of
                  | mutation]
  6996 | D:6      | Gained mutation: You are frail. (-10% HP) [potion of
                  | mutation]
  6996 | D:6      | Gained mutation: You occasionally lose the ability to read
                  | scrolls when taking damage. [potion of mutation]
  6996 | D:6      | Gained mutation: You are agile. (Dex +4, Str/Int -1)
                  | [potion of mutation]
  6997 | D:6      | Lost mutation: You occasionally lose the ability to read
                  | scrolls when taking damage. [potion of mutation]
  6997 | D:6      | Lost mutation: You are frail. (-10% HP) [potion of
                  | mutation]
  6997 | D:6      | Gained mutation: Your mind is acute. (Int +4, Str/Dex -1)
                  | [potion of mutation]
  6997 | D:6      | Gained mutation: Your spells are a little harder to cast,
                  | but a little more powerful. [potion of mutation]
  6997 | D:6      | Gained mutation: Your flesh is cold resistant. (rC+)
                  | [potion of mutation]
  6997 | D:6      | Gained mutation: Your mind is very acute. (Int +8, Str/Dex
                  | -2) [potion of mutation]
  6998 | D:6      | Lost mutation: You are agile. (Dex +4, Str/Int -1) [potion
                  | of mutation]
  6998 | D:6      | Lost mutation: Your flesh is cold resistant. (rC+) [potion
                  | of mutation]
  6998 | D:6      | Lost mutation: Your spells are a little harder to cast, but
                  | a little more powerful. [potion of mutation]
  6998 | D:6      | Gained mutation: Your spells are a little easier to cast,
                  | but a little less powerful. [potion of mutation]
  7145 | D:6      | Found a radiant altar of Vehumet.
  7363 | D:6      | Found a sparkling altar of Nemelex Xobeh.
  8017 | D:8      | Noticed Pikel
  8037 | D:8      | Killed Pikel
  8038 | D:8      | Reached XP level 10. HP: 80/88 MP: 9/9
  8357 | D:8      | Noticed a centaur warrior
  8361 | D:8      | Noticed Maggie
  8373 | D:8      | Noticed a red ugly thing
  8373 | D:8      | Noticed a cyclops
  8389 | D:8      | Killed a red ugly thing
  8396 | D:8      | Killed a cyclops
  8397 | D:8      | Reached skill level 12 in Polearms
  8507 | D:8      | a yak changed into a salamander
  8507 | D:8      | Noticed a salamander (shapeshifter)
  8531 | D:8      | a salamander changed into an elephant
  8531 | D:8      | Noticed an elephant (shapeshifter)
  8550 | D:8      | an elephant changed into a jumping spider
  8590 | D:8      | Killed Maggie
  8592 | D:8      | Shot with an arrow by a centaur warrior

Illustrated notes

Levels and vault maps discovered:
D:1:      sevenhm_arrival_forest_fort_small_5, layout_loops_ring
D:2:      layout_loops_corners, minmay_shallow_snake_nest
D:3:      wad_river_or_something, layout_basic, uniq_crazy_yiuf_cottage
D:4:      layout_loops_ring, led_sif_book, gammafunk_ghost_arena, uniq_natasha,
          uniq_sigmund, uniq_ijyb
D:5:      layout_basic, cheibrodos_sewer_entry_bend,
          minmay_hollow_rounded_squares
D:6:      layout_basic, mainiacjoe_overflow_swirl, kennysheep_mini,
          minmay_temple_entry_tees, grunt_decor_clamped, minmay_misc_feat_room
D:7:      layout_cave_pools
D:8:      layout_loops_ring, serial_glass, glass_columns_b, glass_columns_a,
          minmay_diamond_spiral, uniq_maggie, uniq_pikel

Skill      XL: |  1  2  3  4  5  6  7  8  9 10 |
---------------+-------------------------------+-----
Fighting       | 4 5 7 8 |  8.8
Armour         | 4 5 6 7 8 9 |  9.7
Shields        | 4 5 6 |  6.5
Polearms       | 3 5 6 8 10 11 12 | 12.1
Dodging        | 1 2 3 4 |  4.3
Stealth        | 2 3 |  3.0
Throwing       | |  0.1

Action                   |  1- 3 |  4- 6 |  7- 9 | 10-12 || total
-------------------------+-------+-------+-------+-------++-------
Melee: Trident           |    91 |   161 |   240 |       ||   492
       Headbutt          |     9 |    21 |    49 |    24 ||   103
       Spear             |       |       |    90 |    88 ||   178
Throw: Throwing net      |       |       |     1 |       ||     1
  Use: Scroll            |       |    13 |     5 |       ||    18
       Potion            |       |     8 |    12 |     4 ||    24
 Stab: Invisible         |       |       |     3 |       ||     3
       Distracted        |       |       |     1 |       ||     1
Armor: Scale mail        |    22 |    42 |    59 |    18 ||   141
Dodge: Dodged            |    24 |    74 |    91 |    16 ||   205
Block: Buckler           |     9 |    27 |    44 |    13 ||    93

Table legend: (Time is in decaauts)
 A = Elapsed time spent in this place.
 B = Non-inter-level travel time spent in this place.
 C = Inter-level travel time spent in this place.
 D = Time resting spent in this place.
 E = Time spent auto-exploring this place.
 F = Levels seen in this place.
 G = Mean time per level.
                   A        B        C        D        E       F      G
               +--------+--------+--------+--------+--------+-----+--------+
         Total |   8540 |   8124 |    416 |    939 |   5651 |   9 |  948.9 |
       Dungeon |   8028 |   7612 |    416 |    939 |   5320 |   8 | 1003.5 |
         Sewer |    512 |    512 |      0 |      0 |    331 |   1 |  512.0 |
               +--------+--------+--------+--------+--------+-----+--------+

Top non-repeatable levels by time:
     D:5: 1656 daAuts
     D:3: 1470 daAuts
     D:4: 1190 daAuts
     D:6: 937 daAuts
     D:1: 848 daAuts
     D:2: 833 daAuts
     D:8: 602 daAuts
   Sewer: 512 daAuts
     D:7: 489 daAuts
